 Dungeon Sprint DCSS version 0.17-a0-1262-gd250d98 (webtiles) character file.

866 Kidiri the Covert (level 7, -1/39 HPs)
             Began as a Spriggan Assassin on June 6, 2015.
             Slain by a hell rat (17 damage)
             ... in the Dungeon (Sprint II: "The Violet Keep of Menkaure").
             The game lasted 00:02:41 (498 turns).

Kidiri the Covert (Spriggan Assassin)                Turns: 498, Time: 00:02:41

Health: -1/39      AC:  3    Str:  7    XL:     7   Next: 72%
Magic:  8/8        EV: 29    Int: 13    God:
Gold:   972        SH:  0    Dex: 19    Spells: 0 memorised, 6 levels left

rFire  . . .     SeeInvis +     a - +2 dagger
rCold  . . .     Clarity  .     c - +0 robe
rNeg   . . .     SustAt   .     (shield restricted)
rPois  .         Gourm    .     (helmet restricted)
rElec  .         Spirit   .     d - +0 cloak
rCorr  .         Warding  .     (gloves unavailable)
rMut   .         NoTele   +     (boots unavailable)
MR     +....                    (no amulet)
Stlth  +++++++...               (no ring)
                                (no ring)

@: very quick, somewhat resistant to hostile enchantments, extremely stealthy
A: unfitting armour, see invisible, herbivore 3, speed 3, slow metabolism 2
a: no special abilities


You were in the Dungeon.
You were not hungry.

You visited 1 branch You collected 972 gold pieces.

Inventory:

Hand weapons
 a - a +2 dagger (weapon)
 b - a +0 blowgun
Missiles
 e - 8 poisoned needles
 f - 2 curare-tipped needles
Armour
 c - a +0 robe (worn)
 d - a +0 cloak (worn)
Scrolls
 m - a scroll of blinking
Potions
 h - a potion of curing
 i - a potion of heal wounds
 j - a potion of haste
 k - 2 potions of magic
 l - a potion of berserk rage
Comestibles
 g - a bread ration


   Skills:
 + Level 5.0 Fighting
 * Level 9.7 Short Blades
 + Level 7.0 Throwing
 * Level 12.0 Dodging
 * Level 13.8 Stealth


You had 6 spell levels left.
You didn't know any spells.

Dungeon Overview and Level Annotations

Branches:
Dungeon (1/1)

Altars:

Shops:
D !=[![[[=}[(


Innate Abilities, Weirdness & Mutations

You are tiny and cannot use many weapons and most armour.
You have supernaturally acute eyesight.
You are a herbivore.
You cover ground extremely quickly.
You need consume almost no food.


Message History

Your unstable footing causes you to fumble your attack.
The hell rat completely misses you.
There is an open door here.
You barely miss the hell rat.
The hell rat is heavily wounded.
You hit the hell rat.
The hell rat is heavily wounded.
You hit the hell rat.
The hell rat is severely wounded.
The hell rat bites you!!
Ouch! That really hurt!
You completely miss the hell rat.
The hell rat is severely wounded.
The hell rat completely misses you.
You hit the hell rat.
The hell rat is severely wounded.
You hit the hell rat but do no damage.
The hell rat is severely wounded.
The hell rat bites you!
You die...

###≈≈#+++#+++##
#######≈≈≈.........#
......#≈≈≈≈.##'##..#
.⌠....#≈≈≈≈###.###
∩.∩...#≈≈≈≈#..#..#
.∩.∩..#≈≈####.#.####
∩.∩.∩.#≈##.###'###.##
...∩.∩#≈#.%.##.##...#
....∩.+≈@###'.<.'##.+
.....∩#r#...##.##.###
▓▓▓▓###≈##.###'###.#
!######≈≈####.%.####
##≈≈≈#.)#..#
#'#≈##...##
#$#≈≈##+## ### ≈≈≈
++#


You could see a hell rat.

Vanquished Creatures
  A siren (D)
  2 boulder beetles (D)
  A crocodile (D)
  4 worker ants (D)
  3 worms (D)
11 creatures vanquished.

Notes
Turn   | Place    | Note
--------------------------------------------------------------
     0 | D        | Kidiri the Spriggan Assassin began the quest for the Orb.
     0 | D        | Reached XP level 1. HP: 10/10 MP: 2/2
     1 | D        | Noticed a boulder beetle
     1 | D        | Noticed a boulder beetle
     5 | D        | Noticed a worker ant
     5 | D        | Noticed a worker ant
     5 | D        | Noticed a worker ant
     5 | D        | Noticed a worker ant
    13 | D        | Noticed a siren
    20 | D        | Killed a worker ant
    20 | D        | Reached skill level 7 in Stealth
    20 | D        | Reached XP level 2. HP: 13/15 MP: 3/3
    21 | D        | Killed a worker ant
    21 | D        | Reached skill level 5 in Dodging
    21 | D        | Reached XP level 3. HP: 15/19 MP: 4/4
    24 | D        | Killed a worker ant
    24 | D        | Reached skill level 8 in Stealth
    24 | D        | Reached XP level 4. HP: 18/23 MP: 5/5
    26 | D        | Killed a worker ant
    26 | D        | Reached skill level 5 in Short Blades
   103 | D        | Killed a siren
   103 | D        | Reached skill level 5 in Throwing
   103 | D        | Reached skill level 10 in Dodging
   103 | D        | Reached skill level 12 in Stealth
   103 | D        | Reached XP level 5. HP: 26/29 MP: 6/6
   103 | D        | Reached XP level 6. HP: 29/33 MP: 7/7
   339 | D        | Killed a boulder beetle
   339 | D        | Reached skill level 13 in Stealth
   339 | D        | Reached XP level 7. HP: 36/38 MP: 8/8
   377 | D        | Killed a boulder beetle
   377 | D        | Reached skill level 5 in Fighting
   456 | D        | Noticed a flying skull
   456 | D        | Noticed a flying skull
   456 | D        | Noticed a flying skull
   456 | D        | Noticed a flying skull
   456 | D        | Noticed a flying skull
   457 | D        | Noticed a flying skull
   457 | D        | Noticed a flying skull
   457 | D        | Noticed a flying skull
   457 | D        | Noticed a flying skull
   457 | D        | Noticed a flying skull
   457 | D        | Noticed a flying skull
   458 | D        | Noticed a flying skull
   458 | D        | Noticed a crocodile
   459 | D        | Found Epa Pewk's Armour Boutique.
   460 | D        | Killed a crocodile
   473 | D        | Found Yfips's Jewellery Shop.
   473 | D        | Found Peemey's Antique Armour Boutique.
   473 | D        | Found Ewkuer's Antique Armour Boutique.
   473 | D        | Found Qapylar's Distillery.
   474 | D        | Found Isucrohibb's Antique Weapon Shop.
   474 | D        | Found Ennof's Antique Armour Shop.
   474 | D        | Found Kuggoth's Antique Armour Shop.
   475 | D        | Found Ririll Rysuss's Jewellery Shop.
   475 | D        | Found Masenukh's Distillery.
   476 | D        | Found Verul's Gadget Boutique.
   480 | D        | Noticed a hell rat
   498 | D        | Slain by a hell rat

Vault maps used:
D:        the_violet_keep_of_menkaure

Action                   |  1- 3 |  4- 6 |  7- 9 || total
-------------------------+-------+-------+-------++-------
Melee: Dagger            |     3 |    41 |    28 ||    72
 Fire: Blowgun           |       |       |     7 ||     7
 Stab: Sleeping          |     3 |     3 |     1 ||     7
